[ AOE2 MATCH · #474255887 ]
Team EWPersians vs Bulgarians
[ REPLAY ANALYSIS · EXTRACTED FROM THE RECORDED GAME ]
Feudal
—
Castle
12:50
Imperial
—
| APM avg | 24.9 |
| APM peak | 51 |
| eAPM avg | 17.0 |
| Villagers / military | 67 / 108 |
Focus
⚔️ 42.1% · 🌾 57.9%
Knight ×64 · Skirmisher ×28 · Archer ×6 · Mangonel ×4 · Monk ×2 · Spearman ×2
Feudal
—
Castle
29:01
Imperial
—
| APM avg | 31.7 |
| APM peak | 48 |
| eAPM avg | 20.1 |
| Villagers / military | 54 / 383 |
Focus
⚔️ 43.0% · 🌾 57.0%
Militia ×383
Feudal
—
Castle
—
Imperial
—
| APM avg | 27.3 |
| APM peak | 70 |
| eAPM avg | 10.3 |
| Villagers / military | 28 / 38 |
Focus
⚔️ 49.4% · 🌾 50.6%
Scout Cavalry ×29 · Archer ×9
Feudal
—
Castle
10:40
Imperial
26:14
| APM avg | 20.8 |
| APM peak | 34 |
| eAPM avg | 12.3 |
| Villagers / military | 30 / 134 |
Focus
⚔️ 57.6% · 🌾 42.4%
Chu Ko Nu ×46 · Spearman ×36 · Fire Lancer ×31 · Archer ×14 · Battering Ram ×4 · Trebuchet (Packed) ×2
Match map
Initial resources + every placement click. Lines = walls · curves = elevation contours. ◆ gold · ⬟ stone · ● berries · ✦ relic · ◌ wall gap
Your base· Open — 4t gap
friendly Alpaca's base· Open — 3t gap
happiness's base· Open — 5t gap
晨光's base· Open — unwalled flank
Smoothed initial terrain · ◌ = detected wall gap · hover for details
Inputs per minute
— marijndestoyer - - friendly Alpaca
Build order — marijndestoyer
First 150 of 263 actions detected
| 0:04 | Create | Villager (Male) |
| 0:04 | Create | Villager (Male) |
| 0:17 | Build | Farm |
| 0:19 | Research | Double-Bit Axe |
| 0:26 | Build | House |
| 0:33 | Build | Farm |
| 0:35 | Create | Villager (Male) |
| 0:39 | Create | Spearman |
| 0:39 | Create | Spearman |
| 0:44 | Build | House |
| 0:46 | Build | House |
| 0:47 | Build | House |
| 0:49 | Build | Palisade Gate |
| 0:59 | Build | House |
| 1:07 | Build | Palisade Gate |
| 1:10 | Build | House |
| 1:13 | Build | House |
| 1:17 | Build | Palisade Wall |
| 1:20 | Create | Villager (Male) |
| 1:32 | Build | House |
| 1:33 | Build | House |
| 1:35 | Build | House |
| 1:37 | Build | House |
| 1:38 | Build | House |
| 1:41 | Build | House |
| 1:46 | Create | Villager (Male) |
| 1:46 | Create | Villager (Male) |
| 1:51 | Build | House |
| 1:53 | Build | House |
| 1:59 | Build | House |
| 2:13 | Build | Palisade Gate |
| 2:28 | Create | Villager (Male) |
| 2:37 | Build | House |
| 2:38 | Build | House |
| 2:45 | Build | House |
| 2:46 | Build | House |
| 2:48 | Build | House |
| 2:54 | Build | Archery Range |
| 2:57 | Create | Villager (Male) |
| 2:59 | Create | Villager (Male) |
| 3:34 | Build | Archery Range |
| 3:37 | Create | Villager (Male) |
| 3:38 | Create | Villager (Male) |
| 4:21 | Research | Fletching |
| 4:22 | Research | Padded Archer Armor |
| 4:58 | Create | Skirmisher |
| 4:58 | Create | Skirmisher |
| 4:59 | Create | Skirmisher |
| 5:00 | Create | Skirmisher |
| 5:19 | Build | Stable |
| 5:23 | Create | Villager (Male) |
| 6:03 | Build | Stable |
| 6:05 | Create | Skirmisher |
| 6:05 | Create | Skirmisher |
| 6:32 | Create | Villager (Male) |
| 6:32 | Create | Villager (Male) |
| 7:06 | Build | Palisade Gate |
| 7:08 | Build | House |
| 7:09 | Build | House |
| 7:15 | Build | Farm |
| 7:25 | Create | Scout Cavalry |
| 7:26 | Create | Scout Cavalry |
| 8:13 | Build | Farm |
| 8:14 | Build | Farm |
| 8:14 | Build | Farm |
| 8:15 | Build | Farm |
| 8:16 | Build | Farm |
| 8:18 | Build | Farm |
| 8:53 | Build | Farm |
| 9:07 | Build | Farm |
| 9:10 | Build | Farm |
| 9:15 | Build | Farm |
| 9:38 | Build | Farm |
| 9:41 | Create | Archer |
| 9:41 | Create | Archer |
| 9:43 | Create | Archer |
| 9:43 | Create | Archer |
| 9:46 | Create | Archer |
| 9:46 | Create | Archer |
| 10:01 | Create | Villager (Male) |
| 10:07 | Build | Farm |
| 10:08 | Build | Farm |
| 10:16 | Research | Castle Age |
| 10:30 | Build | Farm |
| 10:33 | Build | Farm |
| 10:37 | Build | Farm |
| 10:41 | Build | Farm |
| 10:43 | Research | Horse Collar |
| 11:42 | Research | Bloodlines |
| 11:44 | Research | Scale Barding Armor |
| 12:50 | Age | Castle Age |
| 12:54 | Build | Town Center |
| 12:57 | Research | Wheelbarrow |
| 13:00 | Create | Knight |
| 13:00 | Create | Knight |
| 13:02 | Create | Knight |
| 13:02 | Create | Knight |
| 13:04 | Create | Knight |
| 13:04 | Create | Knight |
| 13:15 | Build | Town Center |
| 14:24 | Create | Villager (Male) |
| 14:25 | Create | Villager (Male) |
| 14:27 | Research | Hand Cart |
| 14:31 | Create | Knight |
| 14:31 | Create | Knight |
| 14:44 | Research | Forging |
| 14:51 | Build | Farm |
| 14:53 | Build | Farm |
| 14:54 | Build | Farm |
| 14:55 | Build | Farm |
| 14:56 | Build | Farm |
| 15:39 | Build | Monastery |
| 15:40 | Create | Knight |
| 15:41 | Create | Knight |
| 15:41 | Create | Knight |
| 15:42 | Create | Knight |
| 16:04 | Create | Villager (Male) |
| 16:05 | Create | Villager (Male) |
| 16:05 | Create | Villager (Male) |
| 16:09 | Create | Villager (Male) |
| 16:09 | Create | Villager (Male) |
| 16:10 | Create | Villager (Male) |
| 16:49 | Build | Farm |
| 16:51 | Create | Monk |
| 17:04 | Create | Villager (Male) |
| 17:05 | Create | Villager (Male) |
| 17:07 | Research | Gold Mining |
| 17:23 | Research | Husbandry |
| 17:25 | Research | Iron Casting |
| 17:26 | Create | Villager (Male) |
| 17:27 | Create | Villager (Male) |
| 17:28 | Create | Villager (Male) |
| 17:28 | Create | Villager (Male) |
| 17:30 | Create | Villager (Male) |
| 17:30 | Create | Villager (Male) |
| 17:42 | Build | Market |
| 17:51 | Create | Villager (Male) |
| 17:53 | Research | Bow Saw |
| 18:24 | Create | Knight |
| 18:25 | Create | Knight |
| 18:25 | Create | Knight |
| 18:25 | Create | Knight |
| 18:49 | Create | Knight |
| 18:50 | Create | Knight |
| 19:10 | Create | Knight |
| 19:10 | Create | Knight |
| 19:14 | Create | Villager (Male) |
| 19:15 | Create | Villager (Male) |
| 19:16 | Create | Villager (Male) |
| 19:16 | Create | Villager (Male) |
Build order — friendly Alpaca
First 150 of 352 actions detected
| 0:02 | Create | Villager (Male) |
| 0:02 | Create | Villager (Male) |
| 0:04 | Create | Militia |
| 0:19 | Create | Militia |
| 0:25 | Build | House |
| 0:37 | Build | Barracks |
| 0:40 | Create | Militia |
| 0:45 | Create | Villager (Male) |
| 0:50 | Create | Militia |
| 1:02 | Build | House |
| 1:03 | Build | House |
| 1:19 | Create | Villager (Male) |
| 1:30 | Build | Mill |
| 1:34 | Create | Militia |
| 1:34 | Create | Militia |
| 1:35 | Create | Militia |
| 1:42 | Create | Militia |
| 1:43 | Create | Militia |
| 1:58 | Research | Scale Mail Armor |
| 2:08 | Create | Villager (Male) |
| 2:09 | Create | Militia |
| 2:09 | Create | Militia |
| 2:29 | Create | Militia |
| 2:30 | Create | Militia |
| 2:42 | Build | Farm |
| 2:45 | Build | Farm |
| 2:48 | Create | Militia |
| 2:48 | Create | Militia |
| 2:59 | Create | Villager (Male) |
| 3:09 | Create | Militia |
| 3:09 | Create | Militia |
| 3:32 | Create | Villager (Male) |
| 3:43 | Create | Militia |
| 3:44 | Create | Militia |
| 4:15 | Research | Forging |
| 4:16 | Create | Militia |
| 4:16 | Create | Militia |
| 4:17 | Create | Militia |
| 4:37 | Create | Militia |
| 4:37 | Create | Militia |
| 4:41 | Build | House |
| 4:43 | Build | House |
| 4:47 | Build | Farm |
| 4:48 | Build | Farm |
| 4:48 | Build | Farm |
| 4:48 | Build | Farm |
| 4:48 | Build | Farm |
| 4:48 | Build | Farm |
| 4:49 | Build | Farm |
| 4:49 | Build | Farm |
| 4:49 | Build | Farm |
| 4:49 | Build | Farm |
| 5:02 | Create | Villager (Male) |
| 5:06 | Create | Militia |
| 5:36 | Create | Villager (Male) |
| 5:37 | Create | Militia |
| 5:37 | Create | Militia |
| 5:37 | Create | Militia |
| 5:45 | Create | Militia |
| 5:45 | Create | Militia |
| 6:08 | Create | Militia |
| 6:08 | Create | Militia |
| 6:09 | Create | Militia |
| 6:16 | Create | Villager (Male) |
| 6:16 | Create | Villager (Male) |
| 6:24 | Build | Farm |
| 6:25 | Build | Farm |
| 6:27 | Build | Farm |
| 6:32 | Build | House |
| 6:47 | Create | Villager (Male) |
| 6:48 | Create | Militia |
| 6:48 | Create | Militia |
| 6:59 | Create | Militia |
| 7:00 | Create | Militia |
| 7:14 | Create | Militia |
| 7:14 | Create | Militia |
| 7:15 | Create | Militia |
| 7:26 | Create | Villager (Male) |
| 7:30 | Build | Farm |
| 7:31 | Build | Farm |
| 7:37 | Create | Militia |
| 7:37 | Create | Militia |
| 7:46 | Create | Militia |
| 7:52 | Create | Villager (Male) |
| 7:53 | Create | Villager (Male) |
| 7:57 | Build | House |
| 8:06 | Create | Militia |
| 8:06 | Create | Militia |
| 8:12 | Create | Villager (Male) |
| 8:13 | Create | Villager (Male) |
| 8:35 | Create | Villager (Male) |
| 8:36 | Create | Militia |
| 8:36 | Create | Militia |
| 8:51 | Create | Villager (Male) |
| 9:02 | Create | Militia |
| 9:03 | Create | Militia |
| 9:03 | Create | Militia |
| 9:03 | Create | Militia |
| 9:20 | Create | Militia |
| 9:20 | Create | Militia |
| 9:20 | Create | Militia |
| 9:25 | Build | Farm |
| 9:29 | Build | Farm |
| 9:29 | Build | Farm |
| 9:29 | Build | Farm |
| 9:29 | Build | Farm |
| 9:29 | Build | Farm |
| 9:35 | Create | Villager (Male) |
| 9:37 | Research | Horse Collar |
| 10:18 | Create | Villager (Male) |
| 10:32 | Create | Militia |
| 10:32 | Create | Militia |
| 10:32 | Create | Militia |
| 10:41 | Create | Villager (Male) |
| 10:43 | Create | Militia |
| 10:43 | Create | Militia |
| 11:10 | Create | Villager (Male) |
| 11:11 | Create | Villager (Male) |
| 11:13 | Build | Farm |
| 11:15 | Build | Farm |
| 11:24 | Build | Farm |
| 11:25 | Build | Farm |
| 11:25 | Build | Farm |
| 11:25 | Build | Farm |
| 11:25 | Build | Farm |
| 11:25 | Build | Farm |
| 11:26 | Build | Farm |
| 11:36 | Create | Militia |
| 11:36 | Create | Militia |
| 11:36 | Create | Militia |
| 11:55 | Create | Militia |
| 11:55 | Create | Militia |
| 12:09 | Create | Villager (Male) |
| 12:12 | Build | Barracks |
| 12:22 | Build | House |
| 12:35 | Create | Villager (Male) |
| 12:46 | Research | Arson |
| 12:47 | Create | Militia ×5 |
| 12:54 | Create | Villager (Male) |
| 12:58 | Build | House |
| 13:04 | Build | House |
| 13:07 | Build | House |
| 13:08 | Build | House |
| 13:17 | Create | Militia |
| 13:17 | Create | Militia |
| 13:18 | Create | Militia |
| 13:18 | Create | Militia |
| 13:20 | Create | Villager (Male) |
| 13:29 | Build | Barracks |
| 13:32 | Create | Villager (Male) |
Build order — happiness
88 actions detected in the replay
| 0:01 | Create | Villager (Male) |
| 0:03 | Create | Villager (Male) |
| 0:03 | Create | Villager (Male) |
| 0:03 | Create | Villager (Male) |
| 0:03 | Create | Villager (Male) |
| 0:04 | Create | Villager (Male) |
| 0:23 | Build | Stable |
| 0:29 | Build | House |
| 0:33 | Build | Farm |
| 0:56 | Create | Villager (Male) |
| 0:57 | Create | Villager (Male) |
| 0:57 | Create | Villager (Male) |
| 0:57 | Create | Villager (Male) |
| 0:57 | Create | Villager (Male) |
| 1:22 | Create | Villager (Male) |
| 1:35 | Create | Scout Cavalry |
| 1:36 | Create | Scout Cavalry |
| 1:36 | Create | Scout Cavalry |
| 1:36 | Create | Scout Cavalry |
| 1:45 | Build | Farm |
| 1:58 | Build | House |
| 2:00 | Build | House |
| 2:05 | Build | Palisade Wall |
| 2:32 | Build | Farm |
| 2:34 | Build | Farm |
| 2:35 | Create | Scout Cavalry |
| 2:36 | Create | Scout Cavalry |
| 3:02 | Create | Scout Cavalry |
| 3:03 | Create | Scout Cavalry |
| 3:03 | Create | Scout Cavalry |
| 3:13 | Build | Farm |
| 3:43 | Build | House |
| 3:56 | Create | Scout Cavalry |
| 3:56 | Create | Scout Cavalry |
| 4:34 | Create | Scout Cavalry |
| 4:35 | Create | Scout Cavalry |
| 4:35 | Create | Scout Cavalry |
| 4:35 | Create | Scout Cavalry |
| 4:45 | Build | House |
| 4:47 | Build | House |
| 4:51 | Build | Farm |
| 5:28 | Create | Scout Cavalry |
| 5:28 | Create | Scout Cavalry |
| 5:28 | Create | Scout Cavalry |
| 5:57 | Build | House |
| 6:02 | Build | House |
| 6:15 | Build | Mill |
| 6:22 | Create | Scout Cavalry |
| 6:22 | Create | Scout Cavalry |
| 6:23 | Create | Scout Cavalry |
| 6:43 | Create | Scout Cavalry |
| 6:44 | Create | Scout Cavalry |
| 7:15 | Build | Farm |
| 7:16 | Build | Farm |
| 7:38 | Build | Archery Range |
| 8:00 | Build | House |
| 8:19 | Create | Archer ×5 |
| 8:26 | Create | Archer |
| 8:26 | Create | Archer |
| 8:38 | Build | House |
| 8:53 | Create | Scout Cavalry |
| 8:54 | Create | Scout Cavalry |
| 8:54 | Create | Scout Cavalry |
| 8:54 | Create | Scout Cavalry |
| 8:54 | Create | Scout Cavalry |
| 9:49 | Build | Mining Camp |
| 9:53 | Create | Villager (Male) |
| 9:53 | Create | Villager (Male) |
| 10:26 | Create | Scout Cavalry |
| 10:31 | Create | Archer ×2 |
| 12:44 | Create | Villager (Male) |
| 13:05 | Create | Villager (Male) |
| 14:05 | Build | House |
| 14:08 | Build | House |
| 14:37 | Create | Villager (Male) |
| 14:37 | Create | Villager (Male) |
| 14:37 | Create | Villager (Male) |
| 14:38 | Create | Villager (Male) |
| 15:22 | Build | Lumber Camp |
| 16:00 | Create | Villager (Male) |
| 16:00 | Create | Villager (Male) |
| 16:10 | Create | Villager (Male) |
| 16:10 | Create | Villager (Male) |
| 16:36 | Create | Villager (Male) |
| 16:36 | Create | Villager (Male) |
| 17:02 | Create | Villager (Male) |
| 17:07 | Build | Mining Camp |
| 17:37 | Create | Villager (Male) |
Build order — 晨光
First 150 of 225 actions detected
| 0:48 | Build | Archery Range |
| 0:52 | Create | Spearman |
| 0:58 | Create | Villager (Male) |
| 1:06 | Build | House |
| 1:08 | Build | House |
| 1:21 | Create | Villager (Male) |
| 1:41 | Build | Archery Range |
| 1:47 | Build | House |
| 1:50 | Create | Archer |
| 1:54 | Create | Villager (Male) |
| 2:14 | Build | House |
| 2:17 | Build | House |
| 2:23 | Research | Fletching |
| 2:24 | Create | Villager (Male) |
| 2:29 | Create | Spearman |
| 2:33 | Create | Archer |
| 2:37 | Create | Archer |
| 2:41 | Create | Villager (Male) |
| 2:58 | Create | Spearman |
| 3:01 | Create | Villager (Male) |
| 3:11 | Build | Farm |
| 3:12 | Build | Farm |
| 3:13 | Build | Farm |
| 3:18 | Create | Archer |
| 3:18 | Create | Archer |
| 3:45 | Research | Padded Archer Armor |
| 3:47 | Create | Villager (Male) |
| 3:58 | Create | Archer |
| 3:58 | Create | Archer |
| 4:39 | Create | Archer |
| 4:40 | Create | Archer |
| 4:43 | Build | Archery Range |
| 5:30 | Build | House |
| 5:32 | Create | Villager (Male) |
| 5:32 | Create | Villager (Male) |
| 5:37 | Research | Horse Collar |
| 6:45 | Build | House |
| 6:46 | Build | House |
| 6:50 | Build | Farm |
| 6:52 | Build | Farm |
| 6:53 | Build | Farm |
| 6:59 | Build | Mining Camp |
| 7:02 | Create | Archer |
| 7:02 | Create | Archer |
| 7:02 | Create | Archer |
| 7:49 | Create | Archer |
| 7:49 | Create | Archer |
| 8:00 | Research | Castle Age |
| 8:24 | Create | Spearman |
| 8:27 | Research | Double-Bit Axe |
| 8:41 | Build | Barracks |
| 8:47 | Build | Barracks |
| 9:25 | Research | Scale Mail Armor |
| 10:40 | Age | Castle Age |
| 10:49 | Create | Fire Lancer |
| 10:49 | Create | Fire Lancer |
| 10:50 | Create | Fire Lancer |
| 10:55 | Research | Chain Mail Armor |
| 11:04 | Create | Villager (Male) |
| 11:05 | Create | Villager (Male) |
| 11:20 | Build | Town Center |
| 11:28 | Create | Fire Lancer |
| 11:28 | Create | Fire Lancer |
| 11:28 | Create | Fire Lancer |
| 11:41 | Create | Villager (Male) |
| 11:53 | Research | Squires |
| 12:20 | Create | Fire Lancer |
| 12:20 | Create | Fire Lancer |
| 12:20 | Create | Fire Lancer |
| 12:45 | Build | Siege Workshop |
| 12:51 | Research | Forging |
| 13:06 | Create | Villager (Male) |
| 13:28 | Create | Battering Ram |
| 13:33 | Build | Siege Workshop |
| 14:03 | Create | Iron Pagoda |
| 14:23 | Create | Battering Ram |
| 14:44 | Create | Battering Ram |
| 14:56 | Build | Farm |
| 14:59 | Create | Villager (Male) |
| 14:59 | Create | Villager (Male) |
| 14:59 | Create | Villager (Male) |
| 15:33 | Create | Fire Lancer |
| 15:33 | Create | Fire Lancer |
| 15:33 | Create | Fire Lancer |
| 15:33 | Create | Fire Lancer |
| 15:34 | Create | Fire Lancer |
| 15:40 | Build | Castle |
| 16:09 | Build | Farm |
| 16:10 | Build | Farm |
| 16:12 | Build | Farm |
| 16:23 | Build | Barracks |
| 16:47 | Create | Fire Lancer |
| 16:47 | Create | Fire Lancer |
| 16:47 | Create | Fire Lancer |
| 16:49 | Create | Fire Lancer |
| 17:17 | Research | Wheelbarrow |
| 17:23 | Create | Chu Ko Nu |
| 17:24 | Create | Chu Ko Nu |
| 17:24 | Create | Chu Ko Nu |
| 17:24 | Create | Chu Ko Nu |
| 17:30 | Create | Fire Lancer |
| 17:30 | Create | Fire Lancer |
| 17:30 | Create | Fire Lancer |
| 17:30 | Create | Fire Lancer |
| 17:50 | Create | Battering Ram |
| 18:51 | Create | Villager (Male) |
| 18:52 | Create | Villager (Male) |
| 18:52 | Create | Villager (Male) |
| 18:55 | Create | Chu Ko Nu |
| 18:56 | Create | Chu Ko Nu |
| 18:56 | Create | Chu Ko Nu |
| 18:56 | Create | Chu Ko Nu |
| 19:00 | Research | Bodkin Arrow |
| 19:47 | Create | Fire Lancer |
| 19:48 | Create | Fire Lancer |
| 19:48 | Create | Fire Lancer |
| 19:48 | Create | Fire Lancer |
| 19:48 | Create | Fire Lancer |
| 19:48 | Create | Fire Lancer |
| 19:49 | Create | Fire Lancer |
| 19:49 | Create | Fire Lancer |
| 19:49 | Create | Fire Lancer |
| 19:50 | Research | Arson |
| 19:54 | Build | Farm |
| 19:55 | Build | Farm |
| 19:57 | Build | Farm |
| 19:58 | Create | Villager (Male) |
| 19:58 | Create | Villager (Male) |
| 19:59 | Create | Villager (Male) |
| 20:01 | Create | Villager (Male) |
| 20:01 | Create | Villager (Male) |
| 20:07 | Create | Chu Ko Nu |
| 20:07 | Create | Chu Ko Nu |
| 20:07 | Create | Chu Ko Nu |
| 20:58 | Research | Gold Mining |
| 21:04 | Create | Chu Ko Nu |
| 21:04 | Create | Chu Ko Nu |
| 21:38 | Build | Farm |
| 23:04 | Research | Imperial Age |
| 23:09 | Create | Chu Ko Nu |
| 23:09 | Create | Chu Ko Nu |
| 23:09 | Create | Chu Ko Nu |
| 23:11 | Create | Chu Ko Nu |
| 23:12 | Create | Chu Ko Nu |
| 23:18 | Research | Leather Archer Armor |
| 23:42 | Build | Castle |
| 23:48 | Research | Pikeman (upgrade) |
| 23:56 | Create | Chu Ko Nu |
| 24:01 | Create | Villager (Male) |
| 24:02 | Create | Villager (Male) |
Match timeline
| 0:23 | happiness · first_building Stable |
| 0:37 | friendly Alpaca · first_building Barracks |
| 0:48 | 晨光 · first_building Archery Range |
| 1:17 | marijndestoyer · wall_segment Palisade Wall x1 |
| 2:05 | happiness · wall_segment Palisade Wall x1 |
| 2:54 | marijndestoyer · first_building Archery Range |
| 5:19 | marijndestoyer · first_building Stable |
| 7:38 | happiness · first_building Archery Range |
| 8:41 | 晨光 · first_building Barracks |
| 10:40 | 晨光 · age_up castle |
| 12:45 | 晨光 · first_building Siege Workshop |
| 12:50 | marijndestoyer · age_up castle |
| 15:39 | marijndestoyer · first_building Monastery |
| 15:40 | 晨光 · first_building Castle |
| 20:11 | marijndestoyer · tribute_sent a jugador 2 |
| 20:11 | marijndestoyer · tribute_sent a jugador 3 |
| 20:11 | marijndestoyer · tribute_sent a jugador 4 |
| 23:07 | happiness · resign |
| 25:26 | friendly Alpaca · first_building Stable |
| 26:14 | 晨光 · age_up imperial |
| 26:58 | marijndestoyer · first_building Siege Workshop |
| 29:01 | friendly Alpaca · age_up castle |
[ AI ANALYSIS · 1 CREDIT ]
What really happened in this match?
Wolo.gg analyzes every decision: build order, eco, micro, common mistakes by bracket. Personalized analysis on WhatsApp or Discord in 30 seconds.
Civ guide
Persians
Map guide
Arabia
Perfil
Jugador #229529